 Dungeon Sprint DCSS version 0.23-a0-356-g1757c6e (webtiles) character file.

3384 schets the Fighter (level 9, -6/144 HPs)
             Began as a Minotaur Berserker on Oct 21, 2018.
             Was the Champion of Trog.
             Mangled by Joseph
             ... wielding a +2 quarterstaff of freezing
              (10 damage)
             ... in the Dungeon (Sprint III: "The Ten Rune Challenge").
             The game lasted 00:03:56 (1248 turns).

schets the Fighter (Minotaur Berserker)             Turns: 1248, Time: 00:03:56

Health: -6/144     AC: 13    Str: 29    XL:     9   Next: 74%
Magic:  11/11      EV: 13    Int:  5    God:    Trog [******]
Gold:   1267       SH:  0    Dex: 10    Spells: 8/8 levels left

rFire    . . .     SeeInvis .   s - +4 executioner's axe (chop)
rCold    . . .     Gourm    .   (shield currently unavailable)
rNeg     . . .     Faith    .   v - +0 chain mail
rPois    .         Spirit   .   (helmet restricted)
rElec    .         Reflect  .   (no cloak)
rCorr    .         Harm     .   (no gloves)
MR       .....     NoTele   +   (no boots)
Stlth    ..........             (no amulet)
HPRegen  0.74/turn              (no ring)
MPRegen  0.12/turn              (no ring)

@: berserking, lethally poisoned (-6 -> -8), slowed
A: retaliatory headbutt, horns 2, molten scales 1, regeneration 1
a: Berserk, Trog's Hand, Brothers in Arms, Renounce Religion


You were in the Dungeon.
You worshipped Trog.
Trog was exalted by your worship.
You were near starving.

You visited 1 branch You collected 1267 gold pieces.

Inventory:

Hand Weapons
 a - a +0 hand axe
 q - the +4 battleaxe "Wamuomoph" {elec, Int-3 Dex+4 Stlth+}
   (Trog gifted it to you in the Dungeon)

   Occasionally, upon striking a foe, it will discharge some electrical energy
   and cause terrible harm.
   It affects your intelligence (-3).
   It affects your dexterity (+4).
   It makes you more stealthy.
 s - a +4 executioner's axe of chopping (weapon)
Missiles
 r - 8 throwing nets (quivered)
 t - 4 tomahawks
Armour
 b - a +0 animal skin
 v - a +0 chain mail (worn)
Scrolls
 i - a scroll of blinking
 k - a scroll of torment {unknown}
 l - 4 scrolls of remove curse
 n - a scroll of holy word {unknown}
 o - a scroll of identify {unknown}
Potions
 d - 2 potions of curing
 e - a potion of heal wounds
 f - a potion of haste
 g - 2 potions of magic
 h - a potion of berserk rage
 m - 3 potions of flight
 p - 4 potions of mutation
Miscellaneous
 j - a box of beasts
Comestibles
 c - 2 rations
 u - 2 chunks of flesh


   Skills:
 * Level 14.4 Fighting
 * Level 14.4 Axes
 + Level 7.4 Throwing
 + Level 10.4 Armour
 + Level 9.7 Dodging
 + Level 4.1 Evocations


You had 8 spell levels left.
You didn't know any spells.
Your spell library was empty.

Dungeon Overview and Level Annotations

Branches:
Dungeon (1/1)

Altars:
Cheibriados
Dithmenos
Elyvilon
Fedhas
Gozag
Hepliaklqana
Kikubaaqudgha
Makhleb
Nemelex Xobeh
Okawaru
Qazlal
Ru
Sif Muna
Trog
Uskayaw
Vehumet
Wu Jian
Xom
Yredelemnul
Zin
The Shining One
Beogh
Jiyva
Lugonu

Shops:
D %

Annotations:
D exclusion: door, Harold, Joseph


Innate Abilities, Weirdness & Mutations

You reflexively headbutt those who attack you in melee.
You have a pair of horns on your head.
You are partially covered in molten scales. (AC +2)
Your natural rate of healing is unusually fast.


Message History

Harold casts a spell at you. The poison arrow hits you!
You are more poisoned.
* * * LOW HITPOINT WARNING * * *
You are too berserk!
Unknown command.
Unknown command.
Okay, then.
You closely miss Joseph.
Joseph is lightly wounded.
You slice Harold!!
You are near starving!
You feel sick. Joseph barely misses you. Harold casts a spell at you.
You feel as though you will be slow longer.
You barely miss Joseph. You headbutt Joseph!!
Joseph is moderately wounded.
You slice Harold!!
You feel sick.
Joseph hits you with a +2 quarterstaff of freezing!
You die...

##.#).#.##)###.#......#
)##)#.#.##.#.)##......#
#)))#..#..##..'.......#
▓▓▓▓▓▓▓▓▓▓▓▓▓▓#.......#
#.......# +.......#
#(......# ##'######
#.@.+ #@@.# #...# #####


You could see Harold and Joseph.

Vanquished Creatures
  Erolcha (D)
  A deep elf mage (D)
  2 redbacks (D)
  A shadow (D)
  A spatial vortex (D)
  2 orc warriors (D)
  A necrophage (D)
  5 two-headed ogres (D)
  A water elemental (D)
  A scorpion (D)
  A jelly (D)
  2 orc wizards (D)
  4 orc priests (D)
  A necromancer (D)
  A wizard (D)
  3 humans (D)
  A kobold demonologist (D)
  2 oozes (D)
  10 orcs (D)
  2 rats (D)
43 creatures vanquished.

Vanquished Creatures (others)
  2 draconian scorchers (D)
  A hydra (D)
  6 hellions (D)
  2 yaktaurs (D)
  4 plants (D)
15 creatures vanquished.

Grand Total: 58 creatures vanquished

Notes
Turn   | Place    | Note
-------+----------+-------------------------------------------
     0 | D        | schets the Minotaur Berserker began the quest for the Orb.
     0 | D        | Reached XP level 1. HP: 19/19 MP: 0/0
    14 | D        | Reached XP level 2. HP: 26/28 MP: 1/1
    74 | D        | Killed a yaktaur
    77 | D        | Reached ** piety under Trog
   100 | D        | Killed a hellion
   102 | D        | Killed a hellion
   107 | D        | Noticed a scorpion
   112 | D        | Killed a scorpion
   112 | D        | Reached XP level 3. HP: 38/38 MP: 2/2
   113 | D        | Reached XP level 4. HP: 45/45 MP: 3/3
   114 | D        | Killed a hellion
   115 | D        | Killed a hellion
   127 | D        | Killed a hellion
   134 | D        | Killed a seven-headed hydra
   149 | D        | Killed a white draconian scorcher
   172 | D        | Killed a white draconian scorcher
   194 | D        | Gained mutation: Your magical capacity is low. (-10% MP)
                  | [potion of mutation]
   194 | D        | Lost mutation: Your magical capacity is low. (-10% MP)
                  | [potion of mutation]
   194 | D        | Gained mutation: You have a somewhat thin skeletal
                  | structure. (Dex +2, Stealth) [potion of mutation]
   194 | D        | Gained mutation: You can translocate small distances at
                  | will. [potion of mutation]
   195 | D        | Lost mutation: You have a somewhat thin skeletal structure.
                  | (Dex +2, Stealth) [potion of mutation]
   195 | D        | Lost mutation: You can translocate small distances at will.
                  | [potion of mutation]
   195 | D        | Gained mutation: You are partially covered in molten
                  | scales. (AC +2) [potion of mutation]
   195 | D        | Gained mutation: Your natural rate of healing is unusually
                  | fast. [potion of mutation]
   213 | D        | Noticed a water elemental
   218 | D        | Killed a water elemental
   218 | D        | Reached *** piety under Trog
   218 | D        | Reached skill level 5 in Armour
   250 | D        | Killed a hellion
   280 | D        | Found a radiant altar of Vehumet.
   280 | D        | Found a deep blue altar of Sif Muna.
   280 | D        | Found an ancient bone altar of Kikubaaqudgha.
   280 | D        | Noticed a wizard
   284 | D        | Killed a wizard
   284 | D        | Reached skill level 5 in Dodging
   284 | D        | Reached XP level 5. HP: 53/53 MP: 4/4
   288 | D        | Reached **** piety under Trog
   346 | D        | Found a basalt altar of Yredelemnul.
   346 | D        | Found a shadowy altar of Dithmenos.
   346 | D        | Found a sacrificial altar of Ru.
   346 | D        | Noticed a necrophage
   350 | D        | Killed a necrophage
   350 | D        | Reached skill level 1 in Throwing
   354 | D        | Reached XP level 6. HP: 64/64 MP: 5/5
   442 | D        | Found a hide-covered altar of Uskayaw.
   442 | D        | Found a roughly hewn altar of Beogh.
   442 | D        | Found an iron altar of Okawaru.
   442 | D        | Found a bloodstained altar of Trog.
   442 | D        | Found an ornate altar of the Wu Jian Council.
   442 | D        | Noticed a human
   443 | D        | Noticed a human
   451 | D        | Killed a human
   451 | D        | Reached skill level 10 in Fighting
   451 | D        | Reached skill level 10 in Axes
   454 | D        | Killed a human
   454 | D        | Reached ***** piety under Trog
   454 | D        | Reached XP level 7. HP: 69/73 MP: 6/6
   523 | D        | Found a glowing silver altar of Zin.
   523 | D        | Found a glowing golden altar of the Shining One.
   523 | D        | Found a white marble altar of Elyvilon.
   524 | D        | Noticed a deep elf mage
   529 | D        | Killed a deep elf mage
   529 | D        | Received a gift from Trog
   533 | D        | Got a jewelled battleaxe {god gift}
   534 | D        | Identified the +4 battleaxe "Wamuomoph" {elec, Int-3 Dex+4
                  | Stlth+} (Trog gifted it to you in the Dungeon)
   664 | D        | Noticed a shadow
   667 | D        | Killed a shadow
   667 | D        | Reached skill level 5 in Throwing
   667 | D        | Reached XP level 8. HP: 83/83 MP: 7/7
   688 | D        | Found a blossoming altar of Fedhas.
   688 | D        | Found a stormy altar of Qazlal.
   688 | D        | Found a snail-covered altar of Cheibriados.
   688 | D        | Found a burning altar of Makhleb.
   688 | D        | Found a shimmering altar of Xom.
   689 | D        | Found a hazy altar of Hepliaklqana.
   689 | D        | Found an opulent altar of Gozag.
   689 | D        | Found a sparkling altar of Nemelex Xobeh.
   689 | D        | Found a corrupted altar of Lugonu.
   689 | D        | Found a viscous altar of Jiyva.
   714 | D        | Reached skill level 1 in Evocations
   831 | D        | Noticed a two-headed ogre
   836 | D        | Killed a two-headed ogre
   893 | D        | Noticed a two-headed ogre
   893 | D        | Noticed Erolcha
   897 | D        | Killed Erolcha
   897 | D        | Reached XP level 9. HP: 94/94 MP: 8/10
   899 | D        | Killed a two-headed ogre
   899 | D        | Reached skill level 10 in Armour
   907 | D        | Received a gift from Trog
  1068 | D        | Reached ****** piety under Trog
  1080 | D        | Received a gift from Trog
  1126 | D        | Received a gift from Trog
  1174 | D        | Found Koq Quan's Food Shop.
  1213 | D        | Killed a yaktaur
  1237 | D        | Noticed Joseph
  1239 | D        | Noticed Harold
  1246 | D        | HP: 5/144 [Harold/poison arrow (35)]
  1248 | D        | Mangled by Joseph

Vault maps used:
D:        dungeon_sprint_mu

Skill      XL: |  1  2  3  4  5  6  7  8  9 |
---------------+----------------------------+-----
Fighting       | 4 6 8 9 10 12 13 14 | 14.4
Axes           | 4 6 8 9 10 12 13 14 | 14.4
Armour         | 4 5 6 7 8 9 10 | 10.4
Dodging        | 3 4 5 6 7 9 |  9.7
Throwing       | 2 3 5 6 7 |  7.4
Evocations     | 3 4 |  4.1

Action                   |  1- 3 |  4- 6 |  7- 9 || total
-------------------------+-------+-------+-------++-------
Melee: Hand axe          |    16 |    26 |     3 ||    45
       Headbutt          |     2 |     6 |    17 ||    25
       Battleaxe         |       |       |    26 ||    26
       Executioner's axe |       |       |    36 ||    36
Throw: Throwing net      |       |       |     2 ||     2
Invok: Berserk           |     1 |     4 |     6 ||    11
       Trog's Hand       |       |       |     1 ||     1
  Use: Potion            |       |     2 |       ||     2
  Eat: Chunk             |       |     1 |     3 ||     4
       Ration            |       |     1 |     1 ||     2
Armor: Animal skin       |     1 |     4 |     3 ||     8
Dodge: Dodged            |     8 |     8 |    37 ||    53

Table legend:
 A = Non-vault XP
 B = Vault XP
 C = Vault XP percentage of total XP
 D = Non-vault monster count
 E = Vault monster count
 F = Vault count percentage of total count
                 A         B        C        D         E       F
            +---------+---------+-------+---------+---------+-------
      Total |       0 |    4835 | 100.0 |       0 |      43 | 100.0
            +---------+---------+-------+---------+---------+-------
          D |       0 |    4835 | 100.0 |       0 |      43 | 100.0
            +---------+---------+-------+---------+---------+-------
